 Dungeon Crawl Stone Soup version 0.30-a0-782-ge64f9170bb (console) character file.

Game seed: 10597908016388123120

3139 Ignak the Trooper (level 9, -15/92 HPs)
             Began as an Ogre Warper on Feb 20, 2023.
             Was a Believer of Okawaru.
             Demolished by a two-headed ogre
             ... wielding a +0 giant club
              (31 damage)
             ... on level 7 of the Dungeon.
             The game lasted 00:25:49 (10939 turns).

Ignak the Trooper (Ogre Warper)                    Turns: 10939, Time: 00:25:49

Health: -15/92     AC:  6    Str: 18    XL:     9   Next: 92%
Magic:  11/17      EV: 11    Int: 15    God:    Okawaru [**....]
Gold:   311        SH:  0    Dex: 12    Spells: 7/19 levels left

rFire   . . .      SeeInvis .    E - +0 morningstar
rCold   + . .      Faith    .    (no shield)
rNeg    . . .      Spirit   .    b - +0 robe
rPois   .          Reflect  .    (helmet restricted)
rElec   .          Harm     .    l - +2 cloak
rCorr   .          Rampage  .    (gloves unavailable)
Will    +....                    (boots unavailable)
Stlth   +                        (no amulet)
HPRegen 0.35/turn                n - ring of wizardry
MPRegen 0.15/turn                p - +4 ring of slaying

@: on blink cooldown
A: large, unfitting armour, tough skin 1, agile 1, cold resistance 1,
strong-willed 1
a: Renounce Religion, Heroism


You were on level 7 of the Dungeon.
You worshipped Okawaru.
Okawaru was pleased with you.
You visited 2 branches of the dungeon, and saw 9 of its levels.
You also visited: Ossuary.

You collected 353 gold pieces.
You spent 42 gold pieces at shops.

Inventory:

Hand Weapons
 a - a +1 mace
 i - a +0 dagger of venom
 E - a +0 morningstar (weapon)
Missiles
 x - a throwing net (quivered)
 C - 3 boomerangs
Armour
 b - a +0 robe (worn)
 l - a +2 cloak (worn)
Jewellery
 m - an amulet of faith
 n - a ring of wizardry (left hand)
 p - a +4 ring of slaying (right hand)
 q - a ring of resist corrosion
Wands
 h - a wand of polymorph (28)
 G - a wand of iceblast (20)
 I - a wand of flame (18)
 J - a wand of acid (5)
Scrolls
 c - 6 scrolls of blinking
 f - a scroll of brand weapon
 g - 4 scrolls of vulnerability
 o - 3 scrolls of immolation
 v - 2 scrolls of identify
 y - a scroll of poison
 A - 2 scrolls of enchant weapon
 B - a scroll of fear
 D - 7 scrolls of teleportation
Potions
 d - 3 potions of might
 j - 2 potions of lignification
 k - 3 potions of attraction {unknown}
 r - 3 potions of heal wounds
 s - 2 potions of invisibility
 t - a potion of mutation
 u - a potion of brilliance {unknown}
 w - a potion of degeneration {unknown}
 z - a potion of magic {unknown}
 F - a potion of flight {unknown}
 H - a potion of cancellation {unknown}
 K - a potion of curing
 L - a potion of ambrosia {unknown}


   Skills:
 + Level 6.8 Fighting
 * Level 6.7 Maces & Flails
 - Level 1.0 Throwing
 + Level 3.7 Armour
 + Level 4.8 Dodging
 + Level 5.7 Spellcasting
 + Level 5.2 Translocations
 + Level 3.9 Invocations


You had 7 spell levels left.
You knew the following spells:

 Your Spells              Type           Power      Damage    Failure   Level
a - Teleport Other        Tloc           20%        N/A       2%          3
b - Blink                 Tloc           40%        N/A       1%          2
c - Vhi's Electric Charg  Tloc/Air       24%        N/A       6%          3
z - Manifold Assault      Tloc           20%        N/A       7%          4

Your spell library contained the following spells:

 Spells                   Type           Power      Damage    Failure   Level
 Lesser Beckoning         Tloc           40%        N/A       1%          2
 Gell's Gravitas          Tloc           20%        N/A       2%          3
 Foxfire                  Conj/Fire      16%        2x1d4     6%          1
 Shock                    Conj/Air       16%        1d4       6%          1


Dungeon Overview and Level Annotations

Branches:
Dungeon (8/15)             Temple (1/1) D:4         Ossuary (visited)
   Lair: D:8-11

Altars:
Ashenzari
Cheibriados
Dithmenos
Elyvilon
Fedhas
Gozag
Hepliaklqana
Kikubaaqudgha
Makhleb
Nemelex Xobeh
Okawaru
Qazlal
Ru
Sif Muna
Trog
Uskayaw
Vehumet
Wu Jian
Xom
The Shining One

Shops:
D:5 [   D:7 !


Innate Abilities, Weirdness & Mutations

You are too large for most types of armour.
You have tough skin. (AC +1)
You are agile. (Dex +4, Str/Int -1)
Your flesh is cold resistant. (rC+)
You are strong-willed. (Will+)


Message History

You see here a poisoned dart.
Throw: 3 darts (poison)
Press: ? - help, Q - select action, (/) - cycle Shift-Dir - straight line, f/p - two-headed ogre
Aim: a two-headed ogre, wielding a +0 giant club and a +0 giant spiked club (lightly wounded, poisoned, 78% to hit)
You throw a poisoned dart.
The poisoned dart hits the two-headed ogre.
The two-headed ogre looks even sicker.
The two-headed ogre is lightly wounded.
Throw: 2 darts (poison)
Press: ? - help, Q - select action, (/) - cycle Shift-Dir - straight line, f/p - two-headed ogre
Aim: a two-headed ogre, wielding a +0 giant club and a +0 giant spiked club (lightly wounded, very poisoned, 78% to hit)
You throw a poisoned dart.
The poisoned dart hits the two-headed ogre.
The two-headed ogre looks even sicker.
The two-headed ogre is lightly wounded.
Throw: dart (poison)
Press: ? - help, Q - select action, (/) - cycle Shift-Dir - straight line, f/p - two-headed ogre
Aim: a two-headed ogre, wielding a +0 giant club and a +0 giant spiked club (moderately wounded, very poisoned, 78% to hit)
You throw a poisoned dart.
The poisoned dart barely misses the two-headed ogre.
Aiming: Corrosive Bolt
Press: ? - help, Shift-Dir - straight line, f/p - two-headed ogre
Aim: a two-headed ogre, wielding a +0 giant club and a +0 giant spiked club (moderately wounded, very poisoned, 86% to hit)
The bolt of acid hits the two-headed ogre!
The two-headed ogre is heavily wounded.
The two-headed ogre hits you with a +0 giant club!!
The two-headed ogre hits you with a +0 giant spiked club!!
* * * LOW HITPOINT WARNING * * *
Casting: Teleport Other (mildly dangerous; 2% risk of failure)
Confirm with . or Enter, or press ? or * to list all spells.
You blink.
Casting: Blink (safe; 1% risk of failure)
Confirm with . or Enter, or press ? or * to list all spells.
Aiming: Teleport Other (mildly dangerous; 2% risk of failure)
Press: ? - help, Shift-Dir - straight line, f/p - two-headed ogre
Aim: a two-headed ogre, wielding a +0 giant club and a +0 giant spiked club (moderately wounded, very poisoned, chance to affect: 42%)
The two-headed ogre resists with some effort.
The two-headed ogre attacks as you move away!
The two-headed ogre hits you with a +0 giant club!!
You die...

#####...####.##.###E#...#E#....PP
.###....# #...#######...###...PP#
.#....#.####...###............P##
...#..#..###....#....._.......P#.
..............#...............P##
..####.####...#...###...###....P#
#.##.....##.#.....#E#..(#E#...P♣.
..#.......#.......###..(####...P.
..#.......#.####@O....(........♣.
......_......###.................
..#.......#.##.##...(............
#.#.......#....##...##...........
#.##.....##.....#............#.##
#.####.####.....#............####
#...................(~~~~..>.#.#.
###.###.............⌠~~~~..#.....
#^.................~~~~..##....


You could see a two-headed ogre (very poisoned).

Vanquished Creatures
  Grinder (D:5)
  A vampire (D:6)
  4 yaks (D:3)
  A fire bat (D:5)
  2 water moccasins (D:6)
  Duvessa (D:4)
  A sky beast (D:7)
  2 black bears
  2 centaurs (D:7)
  2 elf zombies (Ossuary)
  2 necrophages (D:5)
  2 bullfrogs
  3 scorpions
  Dowan (D:4)
  A jelly (D:4)
  A crimson imp (D:4)
  8 hounds
  2 orc priests (D:6)
  A human zombie (Ossuary)
  An orc wizard (D:6)
  A hound zombie (Ossuary)
  5 mummies
  4 gnolls (D:4)
  7 adders
  A shadow imp (D:7)
  2 white imps
  An ufetubus (D:4)
  An adder zombie (Ossuary)
  3 worms
  2 dart slugs
  12 orcs
  4 bats
  7 endoplasms
  2 giant cockroaches
  3 goblins (D:2)
  6 hobgoblins
  13 jackals
  5 kobolds
  5 quokkas
  8 ball pythons
  A frilled lizard (D:1)
  2 hobgoblin zombies (Ossuary)
  2 kobold zombies (Ossuary)
  5 orc zombies
  7 rats
148 creatures vanquished.

Vanquished Creatures (others)
  3 plants
3 creatures vanquished.

Grand Total: 151 creatures vanquished

Notes
Turn   | Place    | Note
-------+----------+-------------------------------------------
     0 | D:1      | Ignak the Ogre Warper began the quest for the Orb.
     0 | D:1      | Reached XP level 1. HP: 22/22 MP: 3/3
   265 | D:1      | Reached XP level 2. HP: 27/29 MP: 5/5
   280 | D:1      | Learned a level 2 spell: Blink
  1178 | D:2      | Reached XP level 3. HP: 27/37 MP: 7/7
  1531 | D:2      | Learned a level 3 spell: Teleport Other
  2082 | D:2      | Found a faded altar of an unknown god.
  2266 | D:2      | Reached XP level 4. HP: 45/45 MP: 8/8
  2537 | D:3      | Found a radiant altar of Vehumet.
  2586 | D:3      | Found a hide-covered altar of Uskayaw.
  3238 | D:4      | Noticed a yak
  3240 | D:4      | Noticed a yak
  3241 | D:4      | Noticed a yak
  3466 | D:3      | Killed a yak
  3467 | D:3      | Reached skill level 1 in Armour
  3467 | D:3      | Reached XP level 5. HP: 10/54 MP: 7/10
  3467 | D:3      | Reached XP level 6. HP: 12/62 MP: 7/11
  3638 | D:4      | Noticed a yak
  3668 | D:3      | Killed a yak
  3871 | D:3      | Killed a yak
  3872 | D:3      | Reached XP level 7. HP: 64/71 MP: 8/12
  3935 | D:3      | Killed a yak
  4116 | D:4      | Found a staircase to the Ecumenical Temple.
  4122 | Temple   | Entered the Ecumenical Temple
  4122 | Temple   | Found a transporter.
  4122 | Temple   | Found a transporter.
  4124 | Temple   | Found a transporter.
  4124 | Temple   | Found a transporter.
  4152 | Temple   | Became a worshipper of Warmaster Okawaru
  4783 | D:4      | Noticed Duvessa
  4784 | D:4      | Found a bloodstained altar of Trog.
  5585 | D:4      | Killed Duvessa
  5586 | D:4      | Reached skill level 5 in Fighting
  5586 | D:4      | Reached skill level 1 in Invocations
  5586 | D:4      | Reached XP level 8. HP: 36/80 MP: 14/14
  5755 | D:4      | Noticed Dowan
  5787 | D:4      | Killed Dowan
  5978 | D:4      | Found a shimmering blue altar of Sif Muna.
  5982 | D:4      | Got Sif Muna's Codex of Impulse
  6141 | D:4      | Found a shimmering altar of Xom.
  6141 | D:4      | Found a burning altar of Makhleb.
  6234 | D:5      | Entered Level 5 of the Dungeon
  6286 | D:5      | Noticed Grinder
  6287 | D:5      | Paralysed by Grinder for 4 turns
  6296 | D:5      | Paralysed by Grinder for 3 turns
  6307 | D:5      | Killed Grinder
  6307 | D:5      | Reached * piety under Okawaru
  6308 | D:5      | Reached skill level 5 in Maces & Flails
  6622 | D:5      | Found a sand-covered staircase.
  6627 | Ossuary  | Entered an ossuary
  6673 | Ossuary  | Gained mutation: You occasionally shout uncontrollably at
                  | your foes. [potion of mutation]
  6673 | Ossuary  | HP: 4/81 [elf zombie (2)]
  7124 | Ossuary  | Lost mutation: You occasionally shout uncontrollably at
                  | your foes. [potion of mutation]
  7124 | Ossuary  | Gained mutation: You are agile. (Dex +4, Str/Int -1)
                  | [potion of mutation]
  7124 | Ossuary  | Gained mutation: You are strong-willed. (Will+) [potion of
                  | mutation]
  7124 | Ossuary  | Gained mutation: Your flesh is cold resistant. (rC+)
                  | [potion of mutation]
  7195 | D:5      | Noticed a wyvern
  7216 | D:5      | Reached XP level 9. HP: 76/89 MP: 1/16
  7227 | D:5      | Reached skill level 5 in Spellcasting
  7658 | D:5      | Found Mamiriga's Armour Shoppe.
  7792 | D:5      | Learned a level 4 spell: Manifold Assault
  7796 | D:5      | Learned a level 3 spell: Vhi's Electric Charge
  7871 | D:5      | You fall into a shaft and drop 1 floor!
  8067 | D:6      | Found a blossoming altar of Fedhas.
  8796 | D:6      | Identified the +1 leather armour of the Lute {Harm Regen+}
  8816 | D:6      | Found a glowing golden altar of the Shining One.
  8816 | D:6      | Found a sacrificial altar of Ru.
  9042 | D:7      | Found an ancient bone altar of Kikubaaqudgha.
  9108 | D:7      | Reached skill level 5 in Translocations
  9209 | D:7      | Found a stormy altar of Qazlal.
  9332 | D:7      | Reached ** piety under Okawaru
  9335 | D:7      | Identified the +5 scale mail "Opaedius" {rF+ rCorr Int-3}
  9485 | D:7      | Found Vierr's Distillery.
  9840 | D:7      | Bought a potion of curing for 42 gold pieces
 10847 | D:8      | Noticed a two-headed ogre
 10939 | D:7      | Demolished by a two-headed ogre

Illustrated notes

Levels and vault maps discovered:
D:1:      dpeg_arrival_castle, layout_loops_corners, serial_bayou_pond_a
D:2:      layout_basic, shapermc_ecumenical_altar_mp_vishouse,
          minmay_split_cup_large
D:3:      layout_loops_ring, old_standard_altar,
          mainiacjoe_overflow_surrounded_room
D:4:      layout_loops_corners, nzn_overflow_gifts_of_might_and_magic,
          grunt_temple_overflow_champion_of_chaos, minmay_temple_entry_waves,
          saegor_snake_ambush
D:5:      layout_gridville, serial_shops, shop, nicolae_ossuary_entry_giza,
          uniq_grinder
D:6:      layout_basic, fedhas_altar_2, gammafunk_temple_overflow_wave
D:7:      layout_cave_pools, nicolae_qazlal_style_of_elements,
          old_standard_altar, serial_park, serial_park_gazebo
          [serial_park_minivault_5x5_5], serial_park_tiny_pond,
          serial_park_square3 [serial_park_minivault_5x5_3], serial_shops, shop
D:8:      wander_kiku_kobolds, layout_basic, nicolae_yredelemnul_corpse_copse,
          zin_angel, gammafunk_ghost_grave, minmay_statues_item
Temple:   hellmonk_temple_divided_pantheon

Skill      XL: |  1  2  3  4  5  6  7  8  9 |
---------------+----------------------------+-----
Maces & Flails | 2 3 4 5 6 |  6.7
Fighting       | 3 4 5 6 |  6.8
Translocations | 3 4 5 |  5.2
Armour         | 1 2 3 |  3.7
Spellcasting   | 3 4 5 |  5.7
Dodging        | 3 4 |  4.8
Invocations    | 1 2 3 |  3.9
Throwing       | |  1.0

Action                     |  1- 3 |  4- 6 |  7- 9 || total
---------------------------+-------+-------+-------++-------
  Melee: Mace              |   105 |    62 |   224 ||   391
         Dagger            |    52 |       |       ||    52
         Punch             |     1 |       |     3 ||     4
         Morningstar       |       |       |   115 ||   115
  Throw: Dart              |    10 |    20 |    54 ||    84
         Boomerang         |       |       |     7 ||     7
         Throwing net      |       |       |     1 ||     1
   Cast: Blink             |       |     9 |    18 ||    27
         Teleport Other    |       |     2 |    30 ||    32
         Vhi's Electric Ch |       |       |     1 ||     1
 Invoke: Heroism           |       |       |     3 ||     3
  Evoke: Wand              |       |       |     4 ||     4
    Use: Scroll            |       |     4 |    10 ||    14
         Potion            |       |       |    10 ||    10
   Stab: Sleeping          |     2 |       |     1 ||     3
 Armour: Robe              |    59 |    29 |   110 ||   198
  Dodge: Dodged            |    79 |    38 |   247 ||   364

Table legend: (Time is in decaauts)
 A = Elapsed time spent in this place.
 B = Non-inter-level travel time spent in this place.
 C = Inter-level travel time spent in this place.
 D = Time resting spent in this place.
 E = Time spent auto-exploring this place.
 F = Levels seen in this place.
 G = Mean time per level.
                   A        B        C        D        E       F      G
               +--------+--------+--------+--------+--------+-----+--------+
         Total |  11034 |  10872 |    162 |   3047 |   4689 |  10 | 1103.4 |
       Dungeon |  10223 |  10061 |    162 |   2585 |   4689 |   8 | 1277.9 |
        Temple |    286 |    286 |      0 |    231 |      0 |   1 |  286.0 |
       Ossuary |    524 |    524 |      0 |    231 |      0 |   1 |  524.0 |
               +--------+--------+--------+--------+--------+-----+--------+

Top non-repeatable levels by time:
     D:4: 2107 daAuts
     D:6: 1963 daAuts
     D:3: 1707 daAuts
     D:2: 1176 daAuts
     D:1: 1149 daAuts
     D:5: 1133 daAuts
     D:7: 923 daAuts
 Ossuary: 524 daAuts
  Temple: 286 daAuts
     D:8: 61 daAuts
